 Dungeon Crawl Stone Soup version 0.28.0-53-g5a82cb258f (webtiles) character file.

Game seed: 3942269699744666003

43 styxcanada the Sneak (level 3, 0/18 HPs)
             Began as a Spriggan Brigand on June 22, 2022.
             Slain by a worm (4 damage)
             ... on level 2 of the Dungeon.
             The game lasted 00:04:14 (1444 turns).

styxcanada the Sneak (Spriggan Brigand)             Turns: 1444, Time: 00:04:14

Health: 0/18       AC:  3    Str:  7    XL:     3   Next: 37%
Magic:  4/4        EV: 17    Int: 12    God:
Gold:   52         SH:  0    Dex: 18    Spells: 2/2 levels left

rFire   . . .      SeeInvis +   a - +2 dagger
rCold   . . .      Faith    +   (no shield)
rNeg    . . .      Spirit   .   b - +0 robe
rPois   .          Reflect  .   (helmet restricted)
rElec   .          Harm     .   c - +0 cloak
rCorr   .          Rampage  .   (gloves unavailable)
Will    .....                   (boots unavailable)
Stlth   ++++......              j - amulet of faith
HPRegen 0.06/turn               (no ring)
MPRegen 0.09/turn               (no ring)

@: very quick
A: very small, no large weapons, unfitting armour, see invisible, speed 3
a: no special abilities


You were on level 2 of the Dungeon.
You visited 1 branch of the dungeon, and saw 2 of its levels.

You collected 52 gold pieces.

Inventory:

Hand Weapons
 a - a +2 dagger (weapon)
Missiles
 d - 4 poisoned darts (quivered)
 e - 2 curare-tipped darts
Armour
 b - a +0 robe (worn)
 c - a +0 cloak (worn)
Jewellery
 j - an amulet of faith (around neck)
Scrolls
 h - 2 scrolls of identify {unknown}
Potions
 f - a potion of invisibility {unknown}
 g - a potion of lignification {unknown}
 i - a potion of heal wounds {unknown}


   Skills:
 * Level 1.6 Fighting
 + Level 2.3 Short Blades
 + Level 2.1 Throwing
 * Level 2.1 Dodging
 * Level 7.3 Stealth


You had 2 spell levels left.
You didn't know any spells.
Your spell library was empty.

Dungeon Overview and Level Annotations

Branches:
Dungeon (2/15)

Altars:
Wu Jian


Innate Abilities, Weirdness & Mutations

You are very small and have problems with some larger weapons.
You are too small for most types of armour.
You have supernaturally acute eyesight. (SInv)
You cover ground extremely quickly. (Speed+++)


Message History

You kill the endoplasm!
The ball python closely misses you. The ball python misses you.
You closely miss the ball python. The ball python closely misses you. x2
You completely miss the ball python. The ball python closely misses you.
The ball python grabs you. The ball python constricts you.
The hobgoblin closely misses you.
You closely miss the ball python. The ball python bites you.
The ball python constricts you.
You barely miss the ball python. The hobgoblin hits you.
The ball python closely misses you. The ball python constricts you.
You hit the ball python.
You kill the ball python!
The hobgoblin misses you. The hobgoblin hits you.
* * * LOW HITPOINT WARNING * * *
Found 3 poisoned darts.
Throw: 6 darts (poison)
Press: ? - help, Q - select action, (/) - cycle Shift-Dir - straight line, f - hobgoblin
Aim: a hobgoblin (62% to hit)
You throw a poisoned dart.
The poisoned dart barely misses the hobgoblin.
A rat comes into view.
A worm comes into view.
The helpless rat fails to defend itself.
You perforate the rat like a sieve!!!
You kill the rat!
Throw: 5 darts (poison)
Press: ? - help, Q - select action, (/) - cycle Shift-Dir - straight line, f/p - hobgoblin
Aim: a hobgoblin (62% to hit)
You throw a poisoned dart. The poisoned dart hits the hobgoblin.
The hobgoblin is poisoned.
Found a mace and a pair of boots.
Found 2 gold pieces.
A rat comes into view.
You kill the hobgoblin!
You see here a +0 mace.
You hit the worm.
The worm is moderately wounded.
The worm bites you.
You die...

#.####.# #......### ##
##.....^[## ..
##.........## #.
#.(.........#
#.###...........#
#.#.............#
#..(.......w@..# ###
##.###...†....#####
..####.# ####.........#
#......## #....)....#
.[......#####.........#
.........................
.........................
....(.(.#####...$........
######### #...........r


You could see a worm.

Vanquished Creatures
  6 ball pythons
  2 bats (D:1)
  6 endoplasms
  A giant cockroach (D:1)
  6 goblins
  3 hobgoblins
  2 kobolds (D:1)
  2 quokkas (D:1)
  2 frilled lizards (D:1)
  7 rats
37 creatures vanquished.

Vanquished Creatures (others)
  2 withered plants (D:1)
2 creatures vanquished.

Grand Total: 39 creatures vanquished

Notes
Turn   | Place    | Note
-------+----------+-------------------------------------------
     0 | D:1      | styxcanada the Spriggan Brigand began the quest for the
                  | Orb.
     0 | D:1      | Reached XP level 1. HP: 10/10 MP: 2/2
    36 | D:1      | Reached skill level 6 in Stealth
   104 | D:1      | Found a faded altar of an unknown god.
   128 | D:1      | Reached XP level 2. HP: 5/14 MP: 3/3
   458 | D:1      | Found an ornate altar of the Wu Jian Council.
   873 | D:1      | Reached skill level 7 in Stealth
  1032 | D:1      | Reached XP level 3. HP: 17/18 MP: 4/4
  1444 | D:2      | Slain by a worm

Illustrated notes

Levels and vault maps discovered:
D:1:      wander_arrival_peaceful_grave, layout_basic,
          ebering_ecumenical_altar_petrified, minmay_hexomino_r4
D:2:      layout_rooms, uniq_sigmund

Skill      XL: |  1  2 |
---------------+-------+-----
Stealth        | 6 7 |  7.3
Dodging        | 2 |  2.1
Fighting       | |  1.6
Short Blades   | |  2.3
Throwing       | |  2.1

Action                   || total
-------------------------++-------
Melee: Dagger            ||   110
       Punch             ||     1
Throw: Dart              ||    14
 Stab: Sleeping          ||     9
Armor: Robe              ||    13
Dodge: Dodged            ||    64
